 Dungeon Crawl Stone Soup version 0.31.0-11-ge490571c62 (webtiles) character file.

Game seed: 10654338013059909208

9 browni3141 the Conjurer (level 2, 19/19 HPs)
             Began as a Demonspawn Conjurer on Jan 30, 2024.
             Got out of the dungeon alive.
             The game lasted 00:00:30 (247 turns).

browni3141 the Conjurer (Demonspawn Conjurer)        Turns: 247, Time: 00:00:31

Health: 19/19      AC:  2    Str:  7    XL:     2   Next: 3%
Magic:  5/5        EV: 12    Int: 18    God:
Gold:   8          SH:  0    Dex: 11    Spells: 4/5 levels left

rFire   . . .        e - +0 sling
rCold   . . .        (no shield)
rNeg    . . .        a - +0 robe
rPois   .            (no helmet)
rElec   .            (no cloak)
rCorr   .            (no gloves)
SInv    .            (no boots)
Will    .....        (no amulet)
Stlth   ++           (no ring)
HPRegen 0.23/turn    (no ring)
MPRegen 0.09/turn

%: no passive effects
@: no status effects
A: spiny 1
a: no special abilities


You escaped.
You visited 1 branch of the dungeon, and saw 1 of its levels.

You collected 8 gold pieces.

Inventory:

Hand Weapons
 d - a +0 dagger
 e - a +0 sling (weapon)
Missiles
 c - 3 javelins
Armour
 a - a +0 robe (worn)
Potions
 b - a potion of magic


   Skills:
 + Level 2.0 Dodging
 + Level 2.0 Stealth
 + Level 2.1 Spellcasting
 + Level 4.1 Conjurations


You had 4 spell levels left.
You knew the following spells:

 Your Spells              Type           Power      Damage    Failure   Level
a - Magic Dart            Conj           64%        1d6       3%          1

Your spell library contained the following spells:

 Spells                   Type           Power      Damage    Failure   Level
 Searing Ray              Conj           32%        2d5       4%          2
 Fulminant Prism          Conj/Alch      4%         3d5       58%         4
 Iskenderun's Mystic Bla  Conj/Tloc      9%         2d4       58%         4


Dungeon Overview and Level Annotations

Branches:
Dungeon (1/15)

Altars:


Innate Abilities, Weirdness & Mutations

You are partially covered in sharp spines.


Message History

The giant cockroach attacks as it pursues you!
The giant cockroach bites you but does no damage.
The giant cockroach attacks as it pursues you!
The giant cockroach barely misses you.
Aiming: Magic Dart (safe; 3% risk of failure)
Press: ? - help, Q - select action, (/) - cycle Shift-Dir - straight line, f/p - giant cockroach
Aim: a giant cockroach (almost dead, 100% to hit)
The magic dart hits the giant cockroach.
You kill the giant cockroach!
Aiming: Magic Dart (safe; 3% risk of failure)
Press: ? - help, Q - select action, (/) - cycle Shift-Dir - straight line, f - goblin
Aim: a goblin, wielding a +0 dagger (100% to hit)
The magic dart hits the goblin.
You kill the goblin!
Aiming: Magic Dart (safe; 3% risk of failure)
Press: ? - help, Q - select action, (/) - cycle Shift-Dir - straight line, f - frilled lizard
Aim: a frilled lizard (100% to hit)
The magic dart hits the frilled lizard.
You kill the frilled lizard!
Things that are here:
a +0 dagger; a goblin corpse
d - a +0 dagger (weapon)
Magic restored.
HP restored.
You see here a frilled lizard corpse.
You see here a +0 sling.
You see here a hobgoblin corpse.
A dart slug comes into view.
A dart slug is nearby!
A dart slug is nearby!
A dart slug is nearby!
The magic dart hits the dart slug.
The dart slug is moderately wounded.
The dart slug launches a dart at you. The slug dart misses you.
The magic dart hits the dart slug.
The dart slug is heavily wounded.
The magic dart hits the dart slug but does no damage.
The dart slug is heavily wounded.
The dart slug launches a dart at you. The slug dart hits you.
You are out of magic!
You see here a hobgoblin corpse.
You see here a +0 sling.
e - a +0 sling (weapon)
You start resting.
A dart slug is nearby!
You shoot a sling bullet. The sling bullet hits the dart slug.
You kill the dart slug!
Your Dodging skill increases to level 2!
Your Stealth skill increases to level 2!
No target in view!
HP restored.
Magic restored.
You see here a hobgoblin corpse.
You see here a dart slug corpse.
You now have 8 gold pieces.
A giant cockroach comes into view.
A giant cockroach is nearby!
A giant cockroach is nearby!
You shoot a sling bullet.
The sling bullet completely misses the giant cockroach.
The giant cockroach closely misses you.
You shoot a sling bullet.
The sling bullet closely misses the giant cockroach.
The giant cockroach closely misses you.
You shoot a sling bullet.
The sling bullet hits the giant cockroach.
The giant cockroach is severely wounded.
The giant cockroach barely misses you.
The giant cockroach bites you but does no damage.
A giant cockroach is nearby!
A giant cockroach is nearby!
You shoot a sling bullet.
The sling bullet closely misses the giant cockroach.
The giant cockroach bites you. The giant cockroach closely misses you.
You shoot a sling bullet.
The sling bullet closely misses the giant cockroach.
The giant cockroach bites you but does no damage.
You shoot a sling bullet.
The sling bullet barely misses the giant cockroach.
The giant cockroach bites you but does no damage.
The giant cockroach closely misses you.
You shoot a sling bullet.
The sling bullet closely misses the giant cockroach.
The giant cockroach misses you.
The giant cockroach completely misses you.
You shoot a sling bullet.
The sling bullet barely misses the giant cockroach.
The giant cockroach bites you.
You shoot a sling bullet.
The sling bullet hits the giant cockroach!
You kill the giant cockroach!
You have reached level 2!
Your demonic ancestry asserts itself...
Sharp spines emerge from parts of your body.
You see here a hobgoblin corpse.
You see here a frilled lizard corpse.
There is a staircase leading out of the dungeon here.
You have escaped!

######### ####
≈~≈≈≈~~ ### ...##
~≈≈~~ ##.# ....###
~≈~ ###.@#
.†.†..###~###....#
.##.....#'#.....##
.###...........##
†#####.......###
..# ###...###
..#######+##
......###
..........


There were no monsters in sight!

Vanquished Creatures
  A dart slug (D:1)
  2 giant cockroaches (D:1)
  A goblin (D:1)
  A hobgoblin (D:1)
  A frilled lizard (D:1)
6 creatures vanquished.

Notes
Turn   | Place    | Note
-------+----------+-------------------------------------------
     0 | D:1      | browni3141 the Demonspawn Conjurer began the quest for the
                  | Orb.
     0 | D:1      | Reached XP level 1. HP: 13/13 MP: 3/3
   215 | D:1      | Gained mutation: You are partially covered in sharp spines.
                  | [demonic ancestry]
   215 | D:1      | Reached XP level 2. HP: 17/19 MP: 5/5
   247 | D:$      | Got out of the dungeon alive.

Illustrated notes

Levels and vault maps discovered:
D:1:      evilmike_arrival_crescent, layout_rooms, serial_bayou_pond_d,
          hangedman_decor_slide_cut, item_on_display_a

Skill      XL: |  1 |
---------------+----+-----
Dodging        | 2 |  2.0
Stealth        | 2 |  2.0
Spellcasting   | |  2.1
Conjurations   | |  4.1

Action                     || total
---------------------------++-------
  Melee: Unarmed           ||    30
         Punch             ||     1
   Fire: Sling             ||    10
   Cast: Magic Dart        ||     9
 Armour: Robe              ||    30
  Dodge: Dodged            ||    23
